 Dungeon Crawl Stone Soup version 0.26.1-11-gd32895ea62 (webtiles) character file.

Game seed: 1828011287520479868

60 JBAR the Skirmisher (level 3, -1/37 HPs)
             Began as a Troll Fighter on June 27, 2021.
             Slain by a hobgoblin
             ... wielding a +0 club
              (3 damage)
             ... on level 2 of the Dungeon.
             The game lasted 00:04:29 (1519 turns).

JBAR the Skirmisher (Troll Fighter)                 Turns: 1519, Time: 00:04:30

Health: -1/37      AC:  6    Str: 24    XL:     3   Next: 82%
Magic:  2/2        EV:  8    Int:  4    God:
Gold:   105        SH:  9    Dex: 10    Spells: 2/2 levels left

rFire    . . .     SeeInvis .     - Unarmed
rCold    . . .     Faith    .   b - +1 kite shield
rNeg     . . .     Spirit   .   a - +0 robe
rPois    .         Reflect  .   (helmet restricted)
rElec    .         Harm     .   (no cloak)
rCorr    .         Rampage  .   (gloves unavailable)
Will     .....                  (boots unavailable)
Stlth    +.........             (no amulet)
HPRegen  0.52/turn              (no ring)
MPRegen  0.08/turn              (no ring)

@: lethally poisoned (-1 -> -1)
A: large, unfitting armour, claws 3, regeneration 1, shaggy fur 1, tough skin 3
a: no special abilities


You were on level 2 of the Dungeon.
You visited 1 branch of the dungeon, and saw 2 of its levels.

You collected 105 gold pieces.

Inventory:

Armour
 a - a +0 robe (worn)
 b - a +1 kite shield (worn)
Scrolls
 e - 3 scrolls of teleportation
 h - a scroll of fear {unknown}
 j - a scroll of enchant weapon {unknown}
Potions
 c - a potion of might
 d - a potion of heal wounds
 f - 2 potions of lignification
 g - a potion of curing
 i - a potion of cancellation


   Skills:
 * Level 3.1 Fighting
 + Level 0.5 Short Blades
 * Level 2.8 Dodging
 + Level 2.7 Shields
 * Level 2.3 Unarmed Combat


You had 2 spell levels left.
You didn't know any spells.
Your spell library was empty.

Dungeon Overview and Level Annotations

Branches:
Dungeon (2/15)

Altars:
Nemelex Xobeh

Annotations:
D:2 Robin


Innate Abilities, Weirdness & Mutations

You are too large for most types of armour.
You have claws for hands.
Your natural rate of healing is unusually fast.
You are covered in fur. (AC +1)
You have extremely tough skin. (AC +3)


Message History

You are more poisoned.
You claw the goblin!
You kill the goblin!
You feel sick.
The hobgoblin hits you but does no damage.
You block the goblin's attack.
You completely miss the goblin.
You feel sick. The hobgoblin misses you. The goblin hits you with a +0 dagger.
* * * LOW HITPOINT WARNING * * *
The goblin hits you with a +0 dagger.
* * * LOW HITPOINT WARNING * * *
You barely miss the goblin.
You feel sick. The goblin hits you but does no damage.
Robin roars a battlecry!
The goblins go into a battle-frenzy!
The hobgoblin hits you but does no damage.
The goblin closely misses you.
You closely miss the goblin.
You feel sick. You block the goblin's attack. The goblin completely misses you.
The hobgoblin hits you with a +0 club.
You die...

##.#..#.#..##.#.#.##.##..
#.....#.#..##.#.#.##.##.†
#..#..#.#..##.#.#.##.##..
#####........................
#..<...........#..#.###.###..
######.#..###.##..#.# .###..
#.#..###.##..#. ......
#.#....gg...... ..##..
#.##.##@gg..... . #..
#.##.###g##.... .... #.##..


gg. .. .... #.##.# .##.. ..## #..... .# ... .. ####.# .# .. #. .# . .. You could
see Robin (fast), 2 hobgoblins and 4 goblins.

Vanquished Creatures
  An adder (D:2)
  An ooze (D:1)
  A leopard gecko (D:1)
  3 giant cockroaches (D:1)
  4 hobgoblins
  4 jackals (D:1)
  A quokka (D:2)
  6 bats
  3 frilled lizards (D:1)
  7 goblins
  6 kobolds
  7 rats
44 creatures vanquished.

Notes
Turn   | Place    | Note
-------+----------+-------------------------------------------
     0 | D:1      | JBAR the Troll Fighter began the quest for the Orb.
     0 | D:1      | Reached XP level 1. HP: 22/22 MP: 0/0
   233 | D:1      | Found a sparkling altar of Nemelex Xobeh.
   283 | D:1      | Reached XP level 2. HP: 29/29 MP: 1/1
   964 | D:1      | Reached XP level 3. HP: 36/36 MP: 2/2
  1394 | D:2      | Reached skill level 3 in Fighting
  1503 | D:2      | Noticed Robin
  1519 | D:2      | Slain by a hobgoblin

Illustrated notes

Levels and vault maps discovered:
D:1:      dpeg_arrival_circle_labyrinth_a, layout_rooms,
          serial_co_window_serial, co_window_paths_a, co_window_paths_a,
          co_window_paths_b, co_window_corner_a, co_window_paths_b,
          co_window_of_opportunity_a, co_window_broadway_b,
          co_window_unsneaky_path_d, co_window_corner_ca, co_window_paths_e,
          glass_columns_a, glass_columns_b, glass_columns_a, glass_columns_c,
          glass_columns_b, nemelex_altar_shiori
D:2:      layout_basic, uniq_robin, uniq_sigmund, uniq_jessica

Skill      XL: |  1  2  3 |
---------------+----------+-----
Fighting       | 3 |  3.1
Short Blades   | |  0.5
Dodging        | |  2.8
Shields        | |  2.7
Unarmed Combat | |  2.3

Action                   || total
-------------------------++-------
Melee: Unarmed           ||   117
       Dagger            ||    56
  Use: Scroll            ||     8
Armor: Robe              ||    89
Dodge: Dodged            ||    65
Block: Kite shield       ||    95
